 Dungeon Crawl Stone Soup version 0.18-b1-2-gd0c887e (webtiles) character file.

35 Gargoyl the Skirmisher (level 3, 0/30 HPs)
             Began as a Demonspawn Abyssal Knight on Apr 28, 2016.
             Was a Follower of Lugonu.
             Slain by an adder (1 damage)
             ... on level 2 of the Dungeon.
             The game lasted 00:02:37 (1389 turns).

Gargoyl the Skirmisher (Demonspawn Abyssal Knight)  Turns: 1389, Time: 00:02:38

Health: 0/30       AC: 15    Str: 13    XL:     3   Next: 17%
Magic:  5/5        EV: -1    Int: 13    God:    Lugonu [*.....]
Gold:   52         SH:  0    Dex: 12    Spells: 0 memorised, 2 levels left

rFire  . . .     SeeInvis .     e - +0 great sword
rCold  . . .     Gourm    .     j - +0 crystal plate armour
rNeg   . . .     Faith    .     (shield currently unavailable)
rPois  .         Spirit   .     (no helmet)
rElec  .         Dismiss  .     (no cloak)
rCorr  .         Reflect  .     (no gloves)
SustAt .         Harm     .     (no boots)
MR     .....                    (no amulet)
Stlth  ..........               (no ring)
                                (no ring)

@: not resistant to hostile enchantments, extremely unstealthy
A: talons 1
a: Depart the Abyss, Renounce Religion


You were on level 2 of the Dungeon.
You worshipped Lugonu.
Lugonu was aware of your devotion.
You were hungry.

You visited 1 branch of the dungeon, and saw 2 of its levels.
You visited the Abyss 1 time.

You collected 52 gold pieces.

Inventory:

Hand Weapons
 a - a +1 hand axe
 e - a +0 great sword (weapon)
 g - a cursed -1 spear
Armour
 j - a +0 crystal plate armour (worn)
Scrolls
 b - a scroll of fog {unknown}
 d - 3 scrolls of identify {unknown}
 h - a scroll of noise {unknown}
 k - a scroll of fear {unknown}
Comestibles
 c - a bread ration
 f - a meat ration
 i - 2 slices of pizza


   Skills:
 + Level 3.7 Fighting
 + Level 0.6 Long Blades
 + Level 1.9 Axes
 * Level 1.9 Armour
 + Level 1.1 Dodging
 + Level 2.8 Invocations


You had 2 spell levels left.
You didn't know any spells.

Dungeon Overview and Level Annotations

Branches:
Dungeon (2/15)

Altars:


Innate Abilities, Weirdness & Mutations

You have sharp toenails.


Message History

* * * LOW HITPOINT WARNING * * *
You miss the adder.
The adder is lightly wounded.
The adder bites you.
* * * LOW HITPOINT WARNING * * *
The adder bites you but does no damage.
You closely miss the adder.
The adder is lightly wounded.
* * * LOW HITPOINT WARNING * * *
You feel sick.
The adder bites you but does no damage. x2
Your crystal plate armour prevents you from hitting the adder.
The adder is lightly wounded.
The adder bites you but does no damage. x2
You closely miss the adder. You claw the adder.
The adder is moderately wounded.
* * * LOW HITPOINT WARNING * * *
You feel sick.
You are no longer poisoned.
The adder bites you.
You die...

#.. # #.. .# ..###.###.
#......(.S #.........
####(# #...K# # #.##S#
#.# #.##@#####....
#.##.......#.#
#.####........
##............#
#.#######...###.#####..
.............##.#
#.######........#
#........#
##...###.####


You could see an adder and a kobold.

Vanquished Creatures
  A gnoll (D:1)
  A dart slug (D:2)
  A giant cockroach (D:1)
  A goblin (D:1)
  6 hobgoblins (D:1)
  2 jackals (D:1)
  3 bats (D:1)
  A giant newt (D:1)
  4 kobolds (D:1)
  4 rats
24 creatures vanquished.

Notes
Turn   | Place    | Note
--------------------------------------------------------------
     0 | Abyss:1  | Gargoyl the Demonspawn Abyssal Knight began the quest for the Orb.
     0 | Abyss:1  | Reached XP level 1. HP: 18/18 MP: 2/2
     0 | Abyss:1  | Found a corrupted altar of Lugonu.
    34 | Abyss:2  | Noticed a smoke demon
    37 | D:1      | Escaped the Abyss
    57 | D:1      | Reached * piety under Lugonu
    85 | D:1      | Gained mutation: You have sharp toenails. [demonic ancestry]
    85 | D:1      | Reached XP level 2. HP: 12/24 MP: 3/3
   531 | D:1      | Reached skill level 1 in Dodging
   803 | D:1      | Reached XP level 3. HP: 30/30 MP: 5/5
  1389 | D:2      | HP: 1/30 [poisoned by an adder]
  1389 | D:2      | Slain by an adder

Skill      XL: |  1  2 |
---------------+-------+-----
Dodging        | 1 |  1.1
Fighting       | |  3.7
Long Blades    | |  0.6
Axes           | |  1.9
Armour         | |  1.9
Invocations    | |  2.8

Action                   || total
-------------------------++-------
Melee: Great sword       ||   105
       Kick              ||    20
Invok: Depart the Abyss  ||     1
  Eat: Chunk             ||     1
Armor: Leather armour    ||    16
       Crystal plate arm ||    97
Dodge: Dodged            ||    37
